Map: Кровавое диско РВ

Players

qoobic

  • Race: Zerg Zerg
  • League: Gold
  • Spawn Location: 3:00

Dahlis - Winner!

  • Race: Zerg Zerg
  • League: Gold
  • Spawn Location: 9:00

VOD

Have the link to the VOD?

Description

Time

  • Played on: Nov. 24, 2019, 12:23 p.m.
  • Length: 5:19
Show
View Real Time Build Order
Export as new Build Order

qoobic Zerg 

Build Orders: Pool First 

Get SALT Encoding   

  12  0:01  Drone  
  13  0:17  Extractor  
  12  0:26  Spawning Pool  
  11  0:29  Drone  
  11  0:34  Drone  
  13  0:38  Drone  
  14  0:49  Overlord  
  14  1:13  Zergling x2  
  14  1:14  Zergling x4  
  14  1:18  Queen  
  19  1:27  Metabolic Boost  
  19  1:32  Zergling x2  
  20  1:43  Zergling x2  
  21  1:47  Overlord  
  21  2:00  Lair  
  21  2:09  Zergling x2  
  21  2:10  Zergling x2  
  23  2:25  Zergling x2  
  24  2:41  Zergling x6  
  27  2:59  Nydus Network  
  26  3:14  Zergling x4  
  26  3:16  Overlord  
  26  3:19  Zergling x2  
  29  3:20  Zergling x2  
  30  3:40  Nydus Canal  
  30  3:48  Zergling x8  
  31  4:06  Zergling x2  
  18  4:15  Nydus Canal  
  18  4:18  Queen  
  18  4:21  Zergling x4  
  22  4:41  Hatchery  
  21  4:47  Drone  
  21  4:48  Drone  
Show
View Real Time Build Order
Export as new Build Order

Dahlis Zerg - Winner!

Build Orders: Pool First 

Get SALT Encoding   

  12  0:02  Drone  
  13  0:09  Drone  
  14  0:17  Overlord  
  14  0:22  Extractor  
  14  0:23  Drone  
  14  0:35  Drone  
  14  0:36  Drone  
  16  0:46  Drone  
  17  0:58  Drone, Spawning Pool  
  17  1:07  Overlord  
  17  1:19  Drone  
  18  1:33  Hatchery  
  18  1:35  Drone  
  18  1:46  Queen  
  20  1:50  Drone  
  21  1:56  Metabolic Boost  
  21  2:04  Zergling x4  
  23  2:12  Overlord  
  23  2:31  Zergling x2  
  24  2:39  Zergling x2  
  25  2:47  Zergling x2  
  25  2:50  Zergling x2  
  27  2:55  Zergling x6  
  30  2:59  Queen  
  32  3:06  Zergling x2  
  32  3:08  Zergling x2  
  34  3:21  Zergling x4  
  34  3:22  Zergling x2  
  37  3:30  Zergling x4  
  39  3:36  Zergling x6  
  39  3:40  Overlord  
  31  4:21  Zergling x12  
  31  4:22  Zergling x10  
  42  4:42  Zergling x6  
  42  4:44  Overlord  
Tags
 
Add a new tag
Caveats
  • Supply blocks, unpowered buildings, or Contaminate may cause inaccurate times.
  • Supply counts are checked every 10 seconds.